 Dungeon Crawl Stone Soup version 0.31-a0-339-gda1cbd555d (webtiles) character file.

Game seed: 11323147479486750237

900 IndexError the Firebug (level 8, -7/58 HPs)
             Began as a Gnoll Fire Elementalist on July 20, 2023.
             Mangled by a water moccasin (9 damage)
             ... on level 6 of the Dungeon.
             The game lasted 00:08:21 (5254 turns).

IndexError the Firebug (Gnoll Fire Elementalist)    Turns: 5254, Time: 00:08:21

Health: -7/58      AC:  2    Str:  7    XL:     8   Next: 7%
Magic:  1/16       EV: 13    Int: 18    God:
Gold:   239        SH:  0    Dex:  9    Spells: 12/18 levels left

rFire   . . .        z - +5 short sword of Irritation {heavy, Fly rPois Will++ Dex-3}
rCold   . . .        (no shield)
rNeg    . . .        a - +0 robe
rPois   +            (no helmet)
rElec   .            (no cloak)
rCorr   +            (no gloves)
SInv    .            (no boots)
Will    +++..        (no amulet)
Stlth   +++          i - ring of resist corrosion
HPRegen 0.29/turn    p - ring of willpower
MPRegen 0.15/turn

%: no passive effects
@: flying
A: fangs 1, strong nose, distributed training
a: no special abilities


You were on level 6 of the Dungeon.
You visited 1 branch of the dungeon, and saw 6 of its levels.

You collected 239 gold pieces.

Inventory:

Hand Weapons
 z - the +5 short sword of Irritation (weapon) {heavy, Fly rPois Will++ Dex-3}
   (You found it on level 5 of the Dungeon)

   Dex:       It affects your dexterity (-3).
   rPois:     It protects you from poison.
   Fly:       It grants you flight.
   Will:      It greatly increases your willpower.
Missiles
 s - 2 datura-tipped darts
Armour
 a - a +0 robe (worn)
 t - a scarf of shadows
   (You found it on level 3 of the Dungeon)
Magical Staves
 q - a staff of death {rN+}
   (You found it on level 3 of the Dungeon)
Jewellery
 i - a ring of resist corrosion (left hand)
   (You found it on level 2 of the Dungeon)
 p - a ring of willpower (right hand)
   (You found it on level 3 of the Dungeon)
Wands
 g - a wand of charming (11)
   (You found it on level 5 of the Dungeon)
Scrolls
 e - a scroll of enchant armour {unknown}
 j - a scroll of amnesia {unknown}
 k - a scroll of blinking {unknown}
 l - 3 scrolls of identify {unknown}
 m - a scroll of fear {unknown}
 n - 3 scrolls of teleportation {unknown}
 r - a scroll of revelation {unknown}
 u - a scroll of noise {unknown}
 v - a scroll of vulnerability {unknown}
 x - a scroll of enchant weapon {unknown}
 y - a scroll of butterflies {unknown}
Potions
 b - a potion of magic
 c - a potion of berserk rage {unknown}
 d - 3 potions of curing {unknown}
 f - a potion of enlightenment {unknown}
 h - 3 potions of brilliance {unknown}
 o - a potion of haste {unknown}
 w - a potion of might {unknown}


   Skills:
 + Level 3.0 Fighting
 + Level 3.0 Short Blades
 + Level 3.0 Long Blades
 + Level 3.0 Axes
 + Level 3.0 Maces & Flails
 + Level 3.0 Polearms
 + Level 3.0 Staves
 + Level 3.0 Ranged Weapons
 + Level 3.0 Throwing
 + Level 3.0 Armour
 + Level 5.5 Dodging
 + Level 5.2 Stealth
 + Level 3.0 Shields
 + Level 3.0 Unarmed Combat
 + Level 5.9 Spellcasting
 + Level 3.3 Conjurations
 + Level 2.4 Hexes
 + Level 2.4 Summonings
 + Level 2.4 Necromancy
 + Level 2.4 Translocations
 + Level 2.4 Transmutations
 + Level 6.0 Fire Magic
 + Level 2.4 Ice Magic
 + Level 2.4 Air Magic
 + Level 2.4 Earth Magic
 + Level 2.4 Poison Magic
 + Level 3.3 Invocations
 + Level 3.0 Evocations
 + Level 2.4 Shapeshifting


You had 12 spell levels left.
You knew the following spells:

 Your Spells              Type           Power      Damage    Failure   Level
a - Foxfire               Conj/Fire      88%        2x1d8     1%          1
b - Scorch                Fire           54%        2d7       1%          2
c - Inner Flame           Hex/Fire       20%        N/A       6%          3

Your spell library contained the following spells:

 Spells                   Type           Power      Damage    Failure   Level
 Volatile Blastmotes      Fire/Tloc      40%        2d13      6%          3
 Ensorcelled Hibernation  Hex/Ice        28%        N/A       7%          2
 Passwall                 Tmut/Erth      11%        N/A       7%          2
 Swiftness                Air            14%        N/A       14%         3
 Vhi's Electric Charge    Tloc/Air       28%        N/A       14%         3
 Flame Wave               Conj/Fire      22%        2d8       19%         4
 Arcjolt                  Conj/Air       7%         1d17      71%         5
 Plasma Beam              Fire/Air       10%        2x1d21    97%         6


Dungeon Overview and Level Annotations

Branches:
Dungeon (6/15)
 Temple: D:4-7

Altars:
Ashenzari
Wu Jian
Xom

Shops:
D:4 [


Innate Abilities, Weirdness & Mutations

You have very sharp teeth.
Your uncanny sense of smell can sniff out nearby items.
Your experience applies equally to all skills.


Message History

Things that are here:
a +0 short sword; an orc corpse You see here 4 stones.
Done exploring.
Done exploring.
Done exploring.
Done exploring.
Done exploring.
You conjure some foxfire!
You now have 15/16 mp.
There is a stone staircase leading down here.
MP restored: 16 You fly downwards.
There is a stone staircase leading up here.
You conjure some foxfire!
The orc shouts! x2; The orc wizard shouts!
The water moccasin hisses angrily.
The orc shouts! x2
The orc barely misses you.
The foxfire hits the orc.
You hear a loud, deep croak!
You now have 15/16 mp.
You conjure some foxfire!
The foxfire hits the orc.
The orc wizard hits you with a +0 dagger.
You take 1 damage, and have 56/57 hp.
You now have 14/16 mp.
You conjure some foxfire!
The foxfire hits the orc!
The foxfire hits the orc wizard.
The water moccasin bites you! The water moccasin closely misses you.
The orc barely misses you.
The orc wizard hits you but does no damage.
The foxfire hits the orc!
You take 9 damage, and have 47/57 hp.
You now have 13/16 mp.
You conjure some foxfire!
The foxfire hits the orc wizard but does no damage.
The water moccasin bites you. The orc hits you with a +0 falchion.
The orc wizard hits you with a +0 dagger.
You take 8 damage, and have 39/57 hp.
You now have 12/16 mp.
You conjure some foxfire!
The foxfire hits the water moccasin. x2
The water moccasin bites you.
The orc wizard hits you with a +0 dagger.
The orc closely misses you. The water moccasin barely misses you.
You take 4 damage, and have 35/57 hp.
You now have 11/16 mp.
You conjure some foxfire!
The foxfire hits the orc wizard.
The foxfire hits the water moccasin!
The water moccasin barely misses you. The orc wizard casts a spell at you.
The magic dart hits you! The orc hits you with a +0 falchion.
You take 10 damage, and have 25/57 hp.
You are too injured to fight recklessly!
You are too injured to fight recklessly!
You are too injured to fight recklessly!
The foxfire hits the orc wizard.
The foxfire hits the water moccasin but does no damage.
The water moccasin closely misses you.
The orc wizard hits you with a +0 dagger.
The orc barely misses you.
You take 1 damage, and have 24/57 hp.
Casting: Foxfire (safe; 1% risk of failure)
Confirm with . or Enter, or press ? or * to list all spells.
Flames lash the orc.
The water moccasin bites you. x2
The orc wizard hits you with a +0 dagger.
You take 6 damage, and have 18/57 hp.
You now have 9/16 mp.
Casting: Scorch (safe; 1% risk of failure)
Confirm with . or Enter, or press ? or * to list all spells.
Flames lash the orc wizard.
The orc wizard's fire resistance burns away.
The water moccasin closely misses you.
The orc wizard points at you and mumbles some strange words.
The magic dart hits you.
* * * LOW HITPOINT WARNING * * *
You take 5 damage, and have 13/57 hp.
You now have 7/16 mp.
Casting: Scorch (safe; 1% risk of failure)
Confirm with . or Enter, or press ? or * to list all spells.
Flames lash the orc wizard.
The orc wizard is burned terribly!
The water moccasin bites you.
* * * LOW HITPOINT WARNING * * *
The water moccasin bites you.
* * * LOW HITPOINT WARNING * * *
Your Fighting skill increases to level 3!
Your Short Blades skill increases to level 3!
Your Long Blades skill increases to level 3!
Your Axes skill increases to level 3!
Your Maces & Flails skill increases to level 3!
Your Polearms skill increases to level 3!
Your Staves skill increases to level 3!
Your Ranged Weapons skill increases to level 3!
Your Throwing skill increases to level 3!
Your Armour skill increases to level 3!
Your Shields skill increases to level 3!
Your Unarmed Combat skill increases to level 3!
Your Evocations skill increases to level 3!
You take 4 damage, and have 9/58 hp.
You now have 5/16 mp.
Casting: Scorch (safe; 1% risk of failure)
Confirm with . or Enter, or press ? or * to list all spells.
Flames lash the water moccasin.
The water moccasin's fire resistance burns away.
The water moccasin bites you!
* * * LOW HITPOINT WARNING * * *
You take 7 damage, and have 2/58 hp.
You now have 3/16 mp.
Casting: Scorch (safe; 1% risk of failure)
Confirm with . or Enter, or press ? or * to list all spells.
Flames lash the water moccasin.
The water moccasin is burned terribly!
The water moccasin bites you!
You die...

### ... . .
..
#..####.##
#........
.###.#....#
..........#
...#..))..#
......S@..#
...#$.))..#
..........#
.###........
###.######
#. #. #.


You could see a water moccasin (combustible).

Vanquished Creatures
  An ice beast (D:5)
  A black bear (D:4)
  An ogre (D:4)
  A centaur (D:5)
  A phantom (D:4)
  A scorpion (D:5)
  A howler monkey (D:4)
  2 hounds
  A jelly (D:4)
  3 iguanas
  An orc wizard (D:6)
  9 adders
  A white imp (D:5)
  An ufetubus (D:4)
  2 worms
  A dart slug (D:3)
  13 orcs
  A bat (D:2)
  2 endoplasms
  3 giant cockroaches (D:1)
  12 goblins
  7 hobgoblins
  10 jackals
  9 kobolds
  4 quokkas
  7 ball pythons
  5 frilled lizards
  5 rats
106 creatures vanquished.

Vanquished Creatures (collateral kills)
  6 foxfires (D:1)
6 creatures vanquished.

Vanquished Creatures (others)
  437 foxfires
437 creatures vanquished.

Grand Total: 549 creatures vanquished

Notes
Turn   | Place    | Note
-------+----------+-------------------------------------------
     0 | D:1      | IndexError the Gnoll Fire Elementalist began the quest for
                  | the Orb.
     0 | D:1      | Reached XP level 1. HP: 13/13 MP: 6/6
    15 | D:1      | Reached skill level 2 in Conjurations
   112 | D:1      | Reached XP level 2. HP: 19/19 MP: 4/7
   183 | D:1      | Found a faded altar of an unknown god.
   517 | D:1      | Reached skill level 5 in Spellcasting
   517 | D:1      | Reached XP level 3. HP: 25/25 MP: 2/9
  1098 | D:2      | Reached skill level 1 in Invocations
  1201 | D:2      | Reached skill level 1 in Fighting
  1201 | D:2      | Reached skill level 1 in Short Blades
  1201 | D:2      | Reached skill level 1 in Long Blades
  1201 | D:2      | Reached skill level 1 in Axes
  1201 | D:2      | Reached skill level 1 in Maces & Flails
  1201 | D:2      | Reached skill level 1 in Polearms
  1201 | D:2      | Reached skill level 1 in Staves
  1201 | D:2      | Reached skill level 1 in Ranged Weapons
  1201 | D:2      | Reached skill level 1 in Throwing
  1201 | D:2      | Reached skill level 1 in Armour
  1201 | D:2      | Reached skill level 1 in Shields
  1201 | D:2      | Reached skill level 1 in Unarmed Combat
  1201 | D:2      | Reached skill level 1 in Evocations
  1655 | D:2      | Reached XP level 4. HP: 32/32 MP: 8/11
  2035 | D:3      | Reached skill level 1 in Hexes
  2035 | D:3      | Reached skill level 1 in Summonings
  2035 | D:3      | Reached skill level 1 in Necromancy
  2035 | D:3      | Reached skill level 1 in Translocations
  2035 | D:3      | Reached skill level 1 in Transmutations
  2035 | D:3      | Reached skill level 1 in Ice Magic
  2035 | D:3      | Reached skill level 1 in Air Magic
  2035 | D:3      | Reached skill level 1 in Earth Magic
  2035 | D:3      | Reached skill level 1 in Poison Magic
  2035 | D:3      | Reached skill level 1 in Shapeshifting
  3268 | D:4      | Noticed a phantom
  3345 | D:4      | Reached XP level 5. HP: 37/37 MP: 1/12
  3357 | D:4      | Noticed a black bear
  3445 | D:4      | Found Qetai's Armour Boutique.
  3507 | D:4      | Learned a level 2 spell: Scorch
  3511 | D:4      | Learned a level 3 spell: Inner Flame
  3626 | D:4      | Found a broken altar of Ashenzari.
  3706 | D:4      | Reached skill level 2 in Invocations
  3735 | D:4      | Killed a black bear
  3736 | D:4      | Reached skill level 2 in Fighting
  3736 | D:4      | Reached skill level 2 in Short Blades
  3736 | D:4      | Reached skill level 2 in Long Blades
  3736 | D:4      | Reached skill level 2 in Axes
  3736 | D:4      | Reached skill level 2 in Maces & Flails
  3736 | D:4      | Reached skill level 2 in Polearms
  3736 | D:4      | Reached skill level 2 in Staves
  3736 | D:4      | Reached skill level 2 in Ranged Weapons
  3736 | D:4      | Reached skill level 2 in Throwing
  3736 | D:4      | Reached skill level 2 in Armour
  3736 | D:4      | Reached skill level 5 in Dodging
  3736 | D:4      | Reached skill level 2 in Shields
  3736 | D:4      | Reached skill level 2 in Unarmed Combat
  3736 | D:4      | Reached skill level 2 in Evocations
  3736 | D:4      | Reached XP level 6. HP: 44/44 MP: 4/14
  4044 | D:4      | Reached XP level 7. HP: 50/50 MP: 6/15
  4046 | D:4      | Reached skill level 2 in Hexes
  4046 | D:4      | Reached skill level 2 in Summonings
  4046 | D:4      | Reached skill level 2 in Necromancy
  4046 | D:4      | Reached skill level 2 in Translocations
  4046 | D:4      | Reached skill level 2 in Transmutations
  4046 | D:4      | Reached skill level 2 in Ice Magic
  4046 | D:4      | Reached skill level 2 in Air Magic
  4046 | D:4      | Reached skill level 2 in Earth Magic
  4046 | D:4      | Reached skill level 2 in Poison Magic
  4046 | D:4      | Reached skill level 2 in Shapeshifting
  4272 | D:4      | Found a shimmering altar of Xom.
  4399 | D:4      | Found an ornate altar of the Wu Jian Council.
  4546 | D:5      | Entered Level 5 of the Dungeon
  4549 | D:5      | Reached skill level 3 in Conjurations
  4556 | D:5      | Reached skill level 5 in Stealth
  4795 | D:5      | Reached skill level 3 in Invocations
  4897 | D:5      | Identified the +5 short sword of Irritation {heavy, Fly
                  | rPois Will++ Dex-3}
  5006 | D:5      | Reached skill level 6 in Fire Magic
  5055 | D:5      | Reached XP level 8. HP: 57/57 MP: 9/16
  5251 | D:6      | HP: 13/57 [orc wizard/magic dart (5)]
  5253 | D:6      | Reached skill level 3 in Fighting
  5253 | D:6      | Reached skill level 3 in Short Blades
  5253 | D:6      | Reached skill level 3 in Long Blades
  5253 | D:6      | Reached skill level 3 in Axes
  5253 | D:6      | Reached skill level 3 in Maces & Flails
  5253 | D:6      | Reached skill level 3 in Polearms
  5253 | D:6      | Reached skill level 3 in Staves
  5253 | D:6      | Reached skill level 3 in Ranged Weapons
  5253 | D:6      | Reached skill level 3 in Throwing
  5253 | D:6      | Reached skill level 3 in Armour
  5253 | D:6      | Reached skill level 3 in Shields
  5253 | D:6      | Reached skill level 3 in Unarmed Combat
  5253 | D:6      | Reached skill level 3 in Evocations
  5253 | D:6      | HP: 2/58 [water moccasin (8)]
  5254 | D:6      | Mangled by a water moccasin

Illustrated notes

Levels and vault maps discovered:
D:1:      dpeg_arrival_tiny_a, layout_basic,
          shapermc_ecumenical_altar_mp_ritualfount, minmay_surrounded
D:2:      layout_rooms, grunt_ministairs_13, minmay_misc_feat_nine_boxes
D:3:      layout_basic, minmay_misc_feat_rows
D:4:      layout_cave_pools, mainiacjoe_overflow_alcove_4,
          nicolae_ashenzari_skybound, lemuel_crystal_altar, serial_shops,
          nicolae_shop_rolling_square
D:5:      layout_rooms
D:6:      layout_loops_ring, nicolae_elyvilon_peaceful_grove,
          mainiacjoe_overflow_catwalk, minmay_temple_entry_mini_moons,
          gammafunk_ghost_hive, corexii_hall_statues_u

Skill      XL: |  1  2  3  4  5  6  7  8 |
---------------+-------------------------+-----
Conjurations   | 2 3 |  3.3
Spellcasting   | 5 |  5.9
Invocations    | 1 2 3 |  3.3
Fighting       | 1 2 3 |  3.0
Short Blades   | 1 2 3 |  3.0
Long Blades    | 1 2 3 |  3.0
Axes           | 1 2 3 |  3.0
Maces & Flails | 1 2 3 |  3.0
Polearms       | 1 2 3 |  3.0
Staves         | 1 2 3 |  3.0
Ranged Weapons | 1 2 3 |  3.0
Throwing       | 1 2 3 |  3.0
Armour         | 1 2 3 |  3.0
Shields        | 1 2 3 |  3.0
Unarmed Combat | 1 2 3 |  3.0
Evocations     | 1 2 3 |  3.0
Hexes          | 1 2 |  2.4
Summonings     | 1 2 |  2.4
Necromancy     | 1 2 |  2.4
Translocations | 1 2 |  2.4
Transmutations | 1 2 |  2.4
Ice Magic      | 1 2 |  2.4
Air Magic      | 1 2 |  2.4
Earth Magic    | 1 2 |  2.4
Poison Magic   | 1 2 |  2.4
Shapeshifting  | 1 2 |  2.4
Dodging        | 5 |  5.5
Stealth        | 5 |  5.2
Fire Magic     | 6 |  6.0

Action                     |  1- 3 |  4- 6 |  7- 9 || total
---------------------------+-------+-------+-------++-------
  Melee: Unarmed           |     4 |       |       ||     4
         Dagger            |     6 |     3 |     6 ||    15
         Punch             |     1 |       |       ||     1
         Bite              |       |     1 |     1 ||     2
   Cast: Foxfire           |    64 |   137 |    59 ||   260
         Scorch            |       |     1 |     9 ||    10
 Armour: Robe              |     3 |     2 |     2 ||     7
  Dodge: Dodged            |    11 |    13 |    13 ||    37

Table legend: (Time is in decaauts)
 A = Elapsed time spent in this place.
 B = Non-inter-level travel time spent in this place.
 C = Inter-level travel time spent in this place.
 D = Time resting spent in this place.
 E = Time spent auto-exploring this place.
 F = Levels seen in this place.
 G = Mean time per level.
                   A        B        C        D        E       F      G
               +--------+--------+--------+--------+--------+-----+--------+
         Total |   5247 |   4817 |    430 |      0 |   4226 |   6 |  874.5 |
       Dungeon |   5247 |   4817 |    430 |      0 |   4226 |   6 |  874.5 |
               +--------+--------+--------+--------+--------+-----+--------+

Top non-repeatable levels by time:
     D:3: 1341 daAuts
     D:4: 1311 daAuts
     D:1: 1182 daAuts
     D:2: 827 daAuts
     D:5: 572 daAuts
     D:6: 11 daAuts

Levels and vault maps discovered:
D:1:      dpeg_arrival_tiny_a, layout_basic,
          shapermc_ecumenical_altar_mp_ritualfount, minmay_surrounded
D:2:      layout_rooms, grunt_ministairs_13, minmay_misc_feat_nine_boxes
D:3:      layout_basic, minmay_misc_feat_rows
D:4:      layout_cave_pools, mainiacjoe_overflow_alcove_4,
          nicolae_ashenzari_skybound, lemuel_crystal_altar, serial_shops,
          nicolae_shop_rolling_square
D:5:      layout_rooms
D:6:      layout_loops_ring, nicolae_elyvilon_peaceful_grove,
          mainiacjoe_overflow_catwalk, minmay_temple_entry_mini_moons,
          gammafunk_ghost_hive, corexii_hall_statues_u

Table legend: (Time is in decaauts)
 A = Elapsed time spent in this place.
 B = Non-inter-level travel time spent in this place.
 C = Inter-level travel time spent in this place.
 D = Time resting spent in this place.
 E = Time spent auto-exploring this place.
 F = Levels seen in this place.
 G = Mean time per level.
                   A        B        C        D        E       F      G
               +--------+--------+--------+--------+--------+-----+--------+
         Total |   5247 |   4817 |    430 |      0 |   4226 |   6 |  874.5 |
       Dungeon |   5247 |   4817 |    430 |      0 |   4226 |   6 |  874.5 |
               +--------+--------+--------+--------+--------+-----+--------+

Top non-repeatable levels by time:
     D:3: 1341 daAuts
     D:4: 1311 daAuts
     D:1: 1182 daAuts
     D:2: 827 daAuts
     D:5: 572 daAuts
     D:6: 11 daAuts

Table legend:
 A = Kills in this place as a percentage of kills in the entire game.
 B = Kills by you in this place as a percentage of kills by you in the entire game.
 C = Kills by friends in this place as a percentage of kills by friends in the entire game.
 D = Other kills in this place as a percentage of other kills in the entire game.
 E = Experience gained in this place as a percentage of experience gained in the entire game.
 F = Experience gained in this place divided by the number of levels of this place that you have seen.
                   A       B       C       D       E      F
               +-------+-------+-------+-------+-------+----------------------
         Total | 100.0 | 100.0 |   N/A |   N/A | 100.0 | 214.3
       Dungeon | 100.0 | 100.0 |   N/A |   N/A | 100.0 | 214.3
               +-------+-------+-------+-------+-------+----------------------
